 Dungeon Crawl Stone Soup version 0.26-a0-365-g11c2b627af (webtiles) character file.

Game seed: 10395621794291656020

8278 KristoblXynda the Grappler (level 11, -19/88 HPs)
             Began as a Troll Hedge Wizard on July 19, 2020.
             Was a Follower of Ashenzari.
             Killed from afar by a deep elf knight (27 damage)
             ... with a shard of ice
             ... on level 10 of the Dungeon.
             The game lasted 00:17:03 (8812 turns).

KristoblXynda the Grappler (Troll Hedge Wizard)     Turns: 8812, Time: 00:17:03

Health: -19/88     AC: 13    Str: 20    XL:     11   Next: 7%
Magic:  13/13      EV: 13    Int: 13    God:    Ashenzari [*.....]
Gold:   556        SH:  0    Dex:  9    Spells: 10/14 levels left

rFire    + . .     SeeInvis +     - Unarmed
rCold    . . .     Faith    .   (no shield)
rNeg     . . .     Spirit   .   z - +1 robe {rF+} (curse)
rPois    .         Reflect  .   j - +2 hat (curse)
rElec    .         Harm     .   t - scarf {repulsion} (curse)
rCorr    .                      (gloves unavailable)
MR       .....                  (boots unavailable)
Stlth    +.........             (no amulet)
HPRegen  0.64/turn              i - ring of see invisible
MPRegen  0.13/turn              u - +4 ring of protection

@: mighty, repel missiles
A: large, unfitting armour, claws 3, regeneration 1, shaggy fur 1, tough skin 3
a: Curse Item, Scrying, Renounce Religion


You were on level 10 of the Dungeon.
You worshipped Ashenzari.
Ashenzari was aware of your devotion.
You visited 2 branches of the dungeon, and saw 11 of its levels.

You collected 556 gold pieces.

Inventory:

Hand Weapons
 y - a +3 morningstar
Missiles
 n - 4 throwing nets (quivered)
Armour
 j - a cursed +2 hat (worn)
 t - a cursed scarf of repulsion (worn)
 z - a cursed +1 robe of fire resistance (worn)
Jewellery
 g - an uncursed ring of resist corrosion
 i - a ring of see invisible (left claw)
 u - a +4 ring of protection (right claw)
 v - an uncursed ring of ice
Wands
 s - a wand of digging (12)
Scrolls
 c - a scroll of teleportation
 e - 6 scrolls of immolation
 f - 7 scrolls of remove curse
 k - a scroll of noise {unknown}
 l - 3 scrolls of enchant weapon {unknown}
 o - a scroll of magic mapping
 q - 4 scrolls of amnesia
 w - a scroll of enchant armour
Potions
 a - 3 potions of stabbing
 b - a potion of magic
 d - a potion of resistance
 h - 3 potions of curing
 m - 4 potions of brilliance
 r - a potion of might
 A - a potion of flight {unknown}


   Skills:
 + Level 8.3 Dodging
 - Level 1.0 Stealth
 + Level 10.4 Unarmed Combat
 - Level 2.0 Spellcasting
 + Level 7.4 Conjurations
   Level 0.6 Summonings
   Level 0.6 Translocations


You had 10 spell levels left.
You knew the following spells:

 Your Spells              Type           Power        Failure   Level
a - Magic Dart            Conj           ###.         1%          1
b - Mephitic Cloud        Conj/Pois/Air  #.......     28%         3

Your spell library contained the following spells:

 Spells                   Type           Power        Failure   Level
 Conjure Flame            Conj/Fire      ##......     17%         3
 Apportation              Tloc           #.....       21%         1
 Summon Small Mammal      Summ           #...         21%         1
 Animate Skeleton         Necr           #.....       26%         1
 Corona                   Hex            #......      26%         1
 Pain                     Necr           #...         26%         1
 Blink                    Tloc           N/A          30%         2
 Call Imp                 Summ           #.......     30%         2
 Slow                     Hex            #.......     36%         2
 Vampiric Draining        Necr           #.........   58%         3
 Animate Dead             Necr           #.........   94%         4
 Agony                    Necr           #.......     100%        5


Dungeon Overview and Level Annotations

Branches:
Dungeon (10/15)            Temple (1/1) D:7            Lair (0/6) D:8
    Orc: D:9-12

Altars:
Ashenzari
Cheibriados
Dithmenos
Elyvilon
Fedhas
Gozag
Hepliaklqana
Kikubaaqudgha
Makhleb
Nemelex Xobeh
Okawaru
Qazlal
Ru
Sif Muna
Trog
Uskayaw
Vehumet
Wu Jian
Xom
Yredelemnul
Zin
The Shining One

Shops:
D:7 (   D:8 (   D:10 ?


Innate Abilities, Weirdness & Mutations

You are too large for most types of armour.
You have claws for hands.
Your natural rate of healing is unusually fast.
You are covered in fur. (AC +1)
You have extremely tough skin. (AC +3)


Message History

The deep elf knight hits you with a +0 short sword! x2
There is a burning altar of Makhleb, spattered with blood here.
You closely miss the deep elf knight. The deep elf knight misses you.
You miss the deep elf knight.
The deep elf knight hits you but does no damage.
You claw the deep elf knight!
The deep elf knight is moderately wounded.
The deep elf knight points at you and mumbles some strange words.
The shard of ice hits you!!
You closely miss the deep elf knight.
The deep elf knight is moderately wounded.
The deep elf knight hits you with a +0 short sword!!
* * * LOW HITPOINT WARNING * * *
The deep elf knight hits you with a +0 short sword!!
* * * LOW HITPOINT WARNING * * *
You mangle the deep elf knight!!
The deep elf knight is almost dead.
The deep elf knight casts a spell at you.
The shard of ice hits you!!
You die...

*** *<* ############### *,*
#..†(......)(.# *,*
#...########..# *,*
#..##......##.## **#####,*
####..#..#..#..#(.# *.....#+**
#.....#,_#..#@.#..# #........,
***#.....#,,#..#e.#.)# #........,
,........#⌠,#..#.⌠#..###........,
.........####''####.............,
...........8#..#8...............,
...........'(...'.........≈≈....,
#######....8####8.........≈≈≈≈..,
§#.........................≈≈≈≈≈,
O#(####...............#'#†≈≈≈≈≈≈≈


You could see a deep elf knight (fast, invisible).

Vanquished Creatures
  Josephine (D:10)
  Harold (D:7)
  A centaur warrior (D:10)
  The ghost of anet the Thaumaturge, a novice GnWz (D:6)
  Psyche (D:8)
  Prince Ribbit (D:7)
  3 wraiths (D:10)
  3 basilisks (D:8)
  A water moccasin (D:8)
  3 porcupines (D:8)
  3 ice beasts
  2 orc warriors
  A sky beast (D:7)
  2 phantoms
  A hornet zombie (D:8)
  4 black bears
  A necrophage (D:7)
  3 wolves (D:8)
  A centaur (D:6)
  2 ogres
  2 big kobolds
  4 bullfrogs
  2 scorpions
  7 wights
  A howler monkey (D:6)
  2 electric eels (D:10)
  2 centaur zombies
  2 bullfrog zombies (D:6)
  4 orc priests
  8 hounds
  2 jellies
  4 orc wizards
  Crazy Yiuf (D:4)
  2 centaur skeletons
  2 bullfrog skeletons
  Ijyb (D:4)
  2 iguanas
  8 worker ants
  A hound skeleton (D:7)
  A worker ant zombie (D:5)
  4 gnolls (D:4)
  2 howler monkey skeletons
  9 adders
  3 shadow imps
  3 white imps
  2 ufetubi
  An adder zombie (D:8)
  An adder skeleton (D:5)
  3 worms
  2 dart slugs
  2 leopard geckos
  29 orcs
  7 giant cockroaches
  9 goblins
  12 hobgoblins
  7 jackals
  2 quokkas
  2 ball pythons
  9 bats
  2 frilled lizards
  2 jackal skeletons
  20 kobolds
  A leopard gecko skeleton (D:6)
  A quokka skeleton (D:7)
  A quokka zombie (D:5)
  9 rats
  A fungus (D:4)
240 creatures vanquished.

Vanquished Creatures (others)
  4 fungi (D:8)
  2 plants (D:8)
6 creatures vanquished.

Grand Total: 246 creatures vanquished

Notes
Turn   | Place    | Note
-------+----------+-------------------------------------------
     0 | D:1      | KristoblXynda the Troll Hedge Wizard began the quest for
                  | the Orb.
     0 | D:1      | Reached XP level 1. HP: 16/16 MP: 2/2
   209 | D:1      | Reached skill level 1 in Unarmed Combat
   305 | D:1      | Reached XP level 2. HP: 24/24 MP: 4/4
   311 | D:1      | Reached skill level 1 in Conjurations
  1104 | D:2      | Reached XP level 3. HP: 31/31 MP: 5/5
  1294 | D:2      | Reached skill level 2 in Unarmed Combat
  1663 | D:3      | Reached XP level 4. HP: 39/39 MP: 6/6
  2005 | D:3      | Reached skill level 3 in Unarmed Combat
  2066 | D:3      | Noticed a phantom
  2092 | D:3      | Killed a phantom
  2092 | D:3      | Reached XP level 5. HP: 45/45 MP: 7/7
  2272 | D:3      | Found a faded altar of an unknown god.
  2774 | D:4      | Reached skill level 4 in Unarmed Combat
  2932 | D:4      | Noticed Ijyb
  2958 | D:4      | Reached XP level 6. HP: 53/53 MP: 8/8
  2964 | D:4      | Paralysed by Ijyb for 6 turns
  2981 | D:4      | Killed Ijyb
  3136 | D:4      | Found an iron altar of Okawaru.
  3685 | D:4      | Found a runed translucent door.
  3686 | D:4      | Noticed Crazy Yiuf
  3692 | D:4      | Killed Crazy Yiuf
  3931 | D:5      | Entered Level 5 of the Dungeon
  4069 | D:5      | Reached skill level 5 in Unarmed Combat
  4069 | D:5      | Reached XP level 7. HP: 59/59 MP: 9/9
  4513 | D:5      | Learned a level 3 spell: Mephitic Cloud
  4621 | D:6      | Reached skill level 6 in Unarmed Combat
  4757 | D:6      | Reached XP level 8. HP: 42/67 MP: 10/10
  4965 | D:6      | Found a transporter.
  4965 | D:6      | Noticed anet's ghost (novice GnWz)
  4975 | D:6      | Found a transporter.
  5052 | D:6      | Reached skill level 5 in Dodging
  5052 | D:6      | Reached skill level 7 in Unarmed Combat
  5435 | D:7      | Found a staircase to the Ecumenical Temple.
  5474 | Temple   | Entered the Ecumenical Temple
  5566 | Temple   | Became a worshipper of Ashenzari the Shackled
  5621 | D:7      | Found Qouck's Weapon Boutique.
  5823 | D:7      | Reached XP level 9. HP: 74/74 MP: 11/11
  5893 | D:7      | Noticed Prince Ribbit
  5926 | D:7      | Reached skill level 5 in Conjurations
  5936 | D:7      | Killed Prince Ribbit
  6116 | D:7      | Noticed Harold
  6135 | D:7      | Killed Harold
  6135 | D:7      | Reached skill level 8 in Unarmed Combat
  6467 | D:8      | Found a shimmering altar of Xom.
  6644 | D:8      | Found Asann's Weapon Emporium.
  6714 | D:8      | Noticed Psyche
  6751 | D:8      | Reached skill level 9 in Unarmed Combat
  6751 | D:8      | Reached XP level 10. HP: 48/81 MP: 12/12
  6781 | D:8      | Killed Psyche
  6953 | D:8      | Found a staircase to the Lair.
  7526 | D:9      | HP: 4/81 [orc warrior/+0 glaive (9)]
  7819 | D:6      | Killed anet's ghost
  8466 | D:10     | Entered Level 10 of the Dungeon
  8471 | D:10     | Reached * piety under Ashenzari
  8478 | D:10     | Noticed an ogre mage
  8478 | D:10     | Noticed Josephine
  8512 | D:10     | Noticed a centaur warrior
  8526 | D:10     | Killed a centaur warrior
  8526 | D:10     | Reached skill level 10 in Unarmed Combat
  8576 | D:10     | Killed Josephine
  8576 | D:10     | Reached XP level 11. HP: 79/88 MP: 13/13
  8714 | D:10     | Found Doasutot's Magic Scroll Shoppe.
  8720 | D:10     | Found a large runed translucent door.
  8794 | D:10     | Found a large runed translucent door.
  8804 | D:10     | Found a burning altar of Makhleb.
  8804 | D:10     | Noticed a deep elf knight
  8812 | D:10     | Killed from afar by a deep elf knight

Illustrated notes

Levels and vault maps discovered:
D:1:      dpeg_arrival_brainrot, layout_basic
D:2:      layout_basic, due_unseen_surprise
D:3:      layout_loops_corners, chequers_ecumenical_altar_island
D:4:      layout_cave_pods, kennysheep_okawaru_gauntlet, uniq_ijyb,
          uniq_crazy_yiuf_cottage
D:5:      layout_loops_cross, abandoned_shop, kennysheep_generic_room_6
D:6:      layout_basic, gammafunk_ghost_arena
D:7:      cheibrodos_barr_body, layout_basic, temple_fountains, serial_shops,
          shop_fountains, uniq_prince_ribbit1, uniq_harold
D:8:      layout_loops_ring, minmay_lair_entry_grove, basic_altar, serial_shops,
          shop, uniq_psyche
D:9:      layout_gridville, hex_tiny
D:10:     layout_basic, serial_shops, nicolae_shop_window_shopping,
          jmf_multi_god_temple2, uniq_josephine
Temple:   kilobyte_greek_temple

Skill      XL: |  1  2  3  4  5  6  7  8  9 10 |
---------------+-------------------------------+-----
Unarmed Combat | 1 2 3 4 5 6 7 9 10 | 10.4
Conjurations   | 1 2 3 4 6 7 |  7.4
Dodging        | 2 3 4 5 6 8 |  8.3
Stealth        | |  1.0
Spellcasting   | |  2.0
Summonings     | |  0.6
Translocations | |  0.6

Action                   |  1- 3 |  4- 6 |  7- 9 | 10-12 || total
-------------------------+-------+-------+-------+-------++-------
Melee: Unarmed           |   108 |   239 |   338 |   224 ||   909
       Punch             |       |     1 |     8 |     4 ||    13
       Halberd           |       |     9 |       |       ||     9
Invok: Curse Item        |       |       |     2 |     1 ||     3
  Use: Scroll            |     4 |     3 |     5 |     9 ||    21
       Potion            |       |     1 |     1 |     6 ||     8
 Stab: Sleeping          |       |     4 |     2 |       ||     6
       Distracted        |       |     1 |       |       ||     1
Armor: Robe              |    49 |   105 |   121 |    83 ||   358
       Skin              |       |       |    10 |    14 ||    24
Dodge: Dodged            |    56 |   120 |   156 |   110 ||   442
       Repelled          |       |       |     2 |     3 ||     5

Table legend: (Time is in decaauts)
 A = Elapsed time spent in this place.
 B = Non-inter-level travel time spent in this place.
 C = Inter-level travel time spent in this place.
 D = Time resting spent in this place.
 E = Time spent auto-exploring this place.
 F = Levels seen in this place.
 G = Mean time per level.
                   A        B        C        D        E       F      G
               +--------+--------+--------+--------+--------+-----+--------+
         Total |   8746 |   8417 |    329 |   1334 |   4645 |  11 |  795.1 |
       Dungeon |   8615 |   8292 |    323 |   1334 |   4536 |  10 |  861.5 |
        Temple |    130 |    124 |      6 |      0 |    109 |   1 |  130.0 |
               +--------+--------+--------+--------+--------+-----+--------+
